 Dungeon Crawl Stone Soup version 0.31-a0-765-g67fe2935dc (webtiles) character file.

Game seed: 8858997577810953468

158 cforsyth the Trooper (level 5, 0/42 HPs)
             Began as a Djinni Delver on Sept 15, 2023.
             Slain by a phantom (7 damage)
             ... on level 5 of the Dungeon.
             The game lasted 00:00:45 (291 turns).

cforsyth the Trooper (Djinni Delver)                 Turns: 291, Time: 00:00:45

Health: 0/42       AC:  3    Str: 11    XL:     5   Next: 66%
Gold:   13         EV: 12    Int: 14    God:
                   SH:  0    Dex: 14

rFire   + + .        a - +0 falchion
rCold   x . .        (no shield)
rNeg    . . .        b - +0 leather armour
rPois   ∞            (no helmet)
rElec   .            (no cloak)
rCorr   .            (no gloves)
SInv    .            (boots unavailable)
Will    .....        (no amulet)
Stlth   ++           (no ring)
HPRegen 0.27/turn    (no ring)
MPRegen 0.00/turn

%: infuse magic (-1 HP)
@: flying, hasted, very quick
A: sickness immunity, fire resistance 2, cold vulnerability 1, float, innate
caster, HP casting, extra vitality 1
a: no special abilities


You were on level 5 of the Dungeon.
You visited 1 branch of the dungeon, and saw 1 of its levels.

You collected 13 gold pieces.

Inventory:

Hand Weapons
 a - a +0 falchion (weapon)
Armour
 b - a +0 leather armour (worn)
Wands
 g - a wand of digging (3)
Scrolls
 c - a scroll of fog
 d - a scroll of revelation
 e - a scroll of fear
Potions
 f - a potion of haste
 h - 2 potions of ambrosia {unknown}
 i - a potion of curing {unknown}


   Skills:
 + Level 4.6 Fighting
 - Level 1.7 Long Blades
 - Level 2.1 Dodging
 - Level 4.1 Stealth
 + Level 2.3 Spellcasting
 + Level 2.3 Conjurations
 + Level 2.3 Hexes
   Level 0.0 Charms
 + Level 2.3 Summonings
 + Level 2.3 Necromancy
 + Level 2.3 Translocations
 + Level 2.3 Transmutations
 + Level 2.3 Fire Magic
 + Level 2.3 Ice Magic
 + Level 2.3 Air Magic
 + Level 2.3 Earth Magic
 + Level 2.3 Poison Magic


You knew the following spells:

 Your Spells              Type           Power      Damage    Failure   Level
a - Summon Small Mammal   Summ           32%        N/A       12%         1
b - Lesser Beckoning      Tloc           16%        N/A       17%         2
Your spell library was empty.

Dungeon Overview and Level Annotations

Branches:
Dungeon (5/15)
 Temple: D:4-7

Altars:
Hepliaklqana


Innate Abilities, Weirdness & Mutations

You are immune to sickness and miasma.
You are immune to poison.
Your flesh is very heat resistant. (rF++)
You are vulnerable to cold. (rC-)
You float through the air rather than walking.
You learn spells naturally, not from books.
Your magical power is your life essence.
You have superior vitality. (+4 MHP)


Message History

The phantom closely misses you. The phantom barely misses you.
You hit the phantom. You punch the phantom.
The phantom is moderately damaged.
The phantom hits you.
The phantom blinks!
You blink.
You are too injured to fight recklessly!
You are too injured to fight recklessly!
You are too injured to fight recklessly!
You are too injured to fight recklessly!
You are too injured to fight recklessly!
You are too injured to fight recklessly!
You are too injured to fight recklessly!
You are too injured to fight recklessly!
You are too injured to fight recklessly!
You are too injured to fight recklessly!
You are too injured to fight recklessly!
You are too injured to fight recklessly!
You slash the phantom!
The phantom is severely damaged.
The phantom barely misses you.
You barely miss the phantom.
The phantom is heavily damaged.
The phantom hits you.
You barely miss the phantom.
The phantom is heavily damaged.
The phantom hits you.
You hit the phantom.
The phantom is severely damaged.
The phantom hits you.
The phantom blinks!
You blink.
The phantom closely misses you.
You feel yourself speed up. The phantom hits you!
* * * LOW HITPOINT WARNING * * *
You hit the phantom.
The phantom is severely damaged.
You barely miss the phantom.
The phantom is severely damaged.
The phantom closely misses you.
You hit the phantom.
The phantom is almost destroyed.
The phantom hits you!
You die...

....#.#>...........#
#.....#....#######
.o.....##....# #
.##...# #....#######
###..# #...###.....
##....# ##..#....####
.......#.####...#.####
## ...#.#.#........#.#
#. ..#..
#.#@W...##~~~# #.
..#.###..)..#.~~~~~~~~
#.
......#..#.##~~~≈≈~~~#
##
....#.#..#.#####≈≈≈###
.........#.....#####
....<....#..... ..K
#....##.....## .K
###.........#
...###'###..#


You could see a phantom.

Vanquished Creatures
  Sigmund (D:5)
  An ufetubus (D:5)
  An orc (D:5)
  A kobold (D:5)
4 creatures vanquished.

Notes
Turn   | Place    | Note
-------+----------+-------------------------------------------
     0 | D:5      | cforsyth the Djinni Delver began the quest for the Orb.
     0 | D:5      | Reached XP level 1. HP: 20/20 MP: 0/0
    18 | D:5      | Noticed Sigmund
    42 | D:5      | Killed Sigmund
    43 | D:5      | Reached XP level 2. HP: 11/27 MP: 0/0
    43 | D:5      | Reached XP level 3. HP: 13/31 MP: 0/0
    43 | D:5      | Learned a level 1 spell: Summon Small Mammal
    43 | D:5      | Reached XP level 4. HP: 16/38 MP: 0/0
    43 | D:5      | Reached XP level 5. HP: 18/42 MP: 0/0
    43 | D:5      | Learned a level 2 spell: Lesser Beckoning
   256 | D:5      | Noticed a phantom
   270 | D:5      | Found a hazy altar of Hepliaklqana.
   291 | D:5      | Slain by a phantom

Illustrated notes

Levels and vault maps discovered:
D:5:      cheibrodos_thug_alley, layout_rooms, general_overflow_altar,
          mainiacjoe_overflow_boulevard, kennysheep_little_box, enter_ossuary_1,
          minmay_fire_ice_demons, uniq_sigmund

Skill      XL: |  1 |
---------------+----+-----
Fighting       | 4 |  4.6
Spellcasting   | 2 |  2.3
Conjurations   | 2 |  2.3
Hexes          | 2 |  2.3
Summonings     | 2 |  2.3
Necromancy     | 2 |  2.3
Translocations | 2 |  2.3
Transmutations | 2 |  2.3
Fire Magic     | 2 |  2.3
Ice Magic      | 2 |  2.3
Air Magic      | 2 |  2.3
Earth Magic    | 2 |  2.3
Poison Magic   | 2 |  2.3
Long Blades    | |  1.7
Dodging        | |  2.1
Stealth        | |  4.1

Action                     |  1- 3 |  4- 6 || total
---------------------------+-------+-------++-------
  Melee: Falchion          |    18 |    27 ||    45
         Punch             |       |     1 ||     1
    Use: Potion            |       |     1 ||     1
   Stab: Sleeping          |     1 |       ||     1
 Armour: Leather armour    |     5 |    20 ||    25
  Dodge: Dodged            |     9 |    20 ||    29

Table legend: (Time is in decaauts)
 A = Elapsed time spent in this place.
 B = Non-inter-level travel time spent in this place.
 C = Inter-level travel time spent in this place.
 D = Time resting spent in this place.
 E = Time spent auto-exploring this place.
 F = Levels seen in this place.
 G = Mean time per level.
                   A        B        C        D        E       F      G
               +--------+--------+--------+--------+--------+-----+--------+
         Total |    299 |    299 |      0 |     18 |    175 |   1 |  299.0 |
       Dungeon |    299 |    299 |      0 |     18 |    175 |   1 |  299.0 |
               +--------+--------+--------+--------+--------+-----+--------+

Top non-repeatable levels by time:
     D:5: 299 daAuts
